Cogmind - Beta 14 *** ADVENTURER MODE // 2025.03.13 @ 16:52:45 Player: Lee Result: Self-destructed Performance ------------- Evolutions (1) 500 Regions Visited (3) 600 Robots Destroyed (22) 110 Value Destroyed (417) 417 Prototype IDs (0) 0 Alien Tech Used (0) 0 Bonus (0) 0 TOTAL SCORE: 1627 Bonus ------- None Cogmind --------- Core Integrity 103/400 Matter 140/300 Energy 75/100 System Corruption 0% Temperature Cool (18) Movement Core (700) Ox13 Location -9/Materials Parts ------- > --- POWER (1) -------- (None) > --- PROPULSION (4) --- (None) > --- UTILITY (2) ------ Large Storage Unit Large Storage Unit > --- WEAPON (2) ------- (None) > --- INVENTORY (15) --- Ion Engine Ion Engine Light Nuclear Core Aluminum Leg Aluminum Leg Compact Wheel Compact Wheel Compact Wheel Heat Sink EM Pulse Gun Assault Rifle Assault Rifle Assault Rifle Peak State ------------ > --- POWER ------------ Ion Engine > --- PROPULSION ------- Aluminum Leg Aluminum Leg Aluminum Leg Aluminum Leg > --- UTILITY ---------- Large Storage Unit Large Storage Unit > --- WEAPON ----------- Assault Rifle Assault Rifle > --- INVENTORY -------- Ion Engine Ion Engine Light Nuclear Core Compact Wheel Compact Wheel Compact Wheel EM Pulse Gun Particle Gun Assault Rifle Light Assault Rifle Light Assault Rifle [Rating: 10] Favorites ----------- Power Ion Engine Engine Ion Engine Propulsion Aluminum Leg Treads Light Treads Leg Aluminum Leg Utility Large Storage Unit Storage Large Storage Unit Weapon Assault Rifle Energy Gun Particle Gun Energy Cannon Light EM Pulse Cannon Ballistic Gun Assault Rifle Build | -11 -10 -10 -9 ------- Run | Yrd Mat Min Mat Slots Evolved 2 | . . . 2 Power . | . . . . Propulsion 2 | . . . 2 Utility . | . . . . Weapon . | . . . . Parts Attached 21 | 7 7 . 7 Power 2 | 1 1 . . Engine 2 | 1 1 . . Core . | . . . . Reactor . | . . . . Propulsion 8 | 3 . . 5 Treads 2 | 2 . . . Leg 6 | 1 . . 5 Wheel . | . . . . Hover . | . . . . Flight . | . . . . Utility 4 | 1 3 . . Device . | . . . . Storage 4 | 1 3 . . Processor . | . . . . Hackware . | . . . . Protection . | . . . . Artifact . | . . . . Weapon 7 | 2 3 . 2 Energy Gun 1 | . . . 1 Energy Cannon 1 | . . . 1 Ballistic Gun 5 | 2 3 . . Ballistic Cannon . | . . . . Launcher . | . . . . Special Weapon . | . . . . Impact Weapon . | . . . . Slashing Weapon . | . . . . Piercing Weapon . | . . . . Special Melee Weapon . | . . . . Unidentified Prototypes . | . . . . Parts Lost 4 | . . . 4 Power 1 | . . . 1 Propulsion 2 | . . . 2 Utility . | . . . . Weapon 1 | . . . 1 Highest Loss Streak 4 | . . . 4 To Critical Strikes . | . . . . Average Slot Usage (%) 96 | . 96 100 94 Engine 12 | . 14 14 10 Treads 16 | . 28 28 . Leg 16 | . . . 40 Storage 24 | . 25 28 22 Ballistic Gun 25 | . 28 28 21 Peak Build Rating 10 | 6 8 8 10 Average Rating 7 | 4 7 8 9 On Entrance 5 | . 6 8 8 Naked Turns . | . . . . Heaviest Build 49 | 12 49 49 49 Greatest Support 40 | 40 40 40 40 Greatest Overweight (x) 2 | . 1 1 2 Average Overweight (x) . | . . 1 1 Largest Inventory Capacity 15 | 8 15 15 15 Average Capacity 13 | 6 13 15 15 Most Carried 15 | 7 15 15 15 Average Carried 11 | 5 12 15 12 Final Capacity 15 | 8 15 15 15 Final Carried 15 | 7 15 15 13 Class Distribution -------------------- 100% | Mutant Dominant Class ---------------- Mutant | -10/Materials Mutant | -10/Mines Mutant | -9/Materials Resources | -11 -10 -10 -9 ----------- Run | Yrd Mat Min Mat Matter Collected 494 | 282 148 . 64 Remotely . | . . . . Salvage Created 893 | 119 304 . 470 Parts 47 | 5 15 . 27 Haulers Intercepted 2 | . . . 2 Recyclers Shooed 2 | 1 . . 1 Parts Field Recycled . | . . . . Retrieved Matter . | . . . . Parts Self-Destructed . | . . . . Prevented . | . . . . Kills | -11 -10 -10 -9 ------- Run | Yrd Mat Min Mat Combat Hostiles Destroyed 12 | . 7 . 5 Guns 12 | . 7 . 5 Classes Destroyed 8 | 2 3 . 3 Worker 3 | 1 . . 2 Hauler 2 | . . . 2 Recycler 3 | 1 1 . 1 Watcher 2 | . 2 . . Swarmer 4 | . 4 . . Grunt 5 | . 3 . 2 Duelist 1 | . . . 1 Sentry 2 | . . . 2 Best Kill Streak 8 | 1 7 . 8 Combat Bots Only 7 | . 7 . 3 Max Kills in Single Turn 2 | 1 2 . 1 Gunslinging . | . . . . Exploded . | . . . . Melee . | . . . . Uniques/NPCs Destroyed . | . . . . Combat | -11 -10 -10 -9 -------- Run | Yrd Mat Min Mat Hostile Shots Fired 178 | . 44 . 134 Missed 57 | . 16 . 41 Damage Taken 1291 | . 207 . 1084 Core 349 | . 52 . 297 Absorbed by Shields . | . . . . Ignored by Resistances 387 | . 69 . 318 Core Remaining (%) 89 | 100 . 79 . Volleys Fired 56 | 7 19 . 30 Largest 2 | 2 2 . 2 Hottest 121 | 40 40 . 121 Shots Fired 110 | 12 38 . 60 Gun 109 | 12 38 . 59 Cannon 1 | . . . 1 Launcher . | . . . . Special . | . . . . Kinetic 108 | 12 38 . 58 Thermal 1 | . . . 1 Explosive . | . . . . Electromagnetic 1 | . . . 1 Robot Hit Streak 19 | 10 14 . 19 Robot Miss Streak 2 | . 2 . 1 Penetration Max . | . . . . Secondary Targets 5 | . 2 . 3 Max Gunslinging Chain 1 | . 1 . 1 Shots Hit Robots 88 | 10 28 . 50 Core Hits 40 | 4 16 . 20 Critical Kills . | . . . . Critical Parts Destroyed 1 | . . . 1 Critical Strikes 2 | . . . 2 Burn 1 | . . . 1 Destroy 1 | . . . 1 Melee Attacks . | . . . . Impact . | . . . . Slashing . | . . . . Piercing . | . . . . Sneak Attacks . | . . . . Combat Hostiles . | . . . . Follow-up Attacks . | . . . . Damage Inflicted 1049 | 83 306 . 660 Guns 1029 | 83 306 . 640 Cannons 20 | . . . 20 Explosions . | . . . . Melee . | . . . . Ramming . | . . . . Kinetic 1014 | 83 306 . 625 Thermal 15 | . . . 15 Explosive . | . . . . Electromagnetic 20 | . . . 20 Impact . | . . . . Slashing . | . . . . Piercing . | . . . . Highest Corruption . | . . . . Average Corruption . | . . . . Corruption Purged . | . . . . Corruption Blocked . | . . . . Overload Shots . | . . . . Overflow Damage . | . . . . Projectiles . | . . . . Explosions . | . . . . Melee . | . . . . Knockbacks . | . . . . Impact . | . . . . Kinetic . | . . . . Secondary . | . . . . Self-Inflicted Damage . | . . . . Shots . | . . . . Rammed . | . . . . Targets Rammed . | . . . . Kicked . | . . . . Crushed . | . . . . Highest Temperature 63 | . 6 . 63 Average Temperature 15 | . 6 . 19 Received Heat Transfer 495 | . 57 . 438 Siege Activations . | . . . . Robots Corrupted . | . . . . Combat Hostiles . | . . . . Parts Fried . | . . . . Impact Corruptions . | . . . . Robots Melted . | . . . . Combat Hostiles . | . . . . Parts Melted . | . . . . Heat Transferred 111 | . . . 111 Parts Sabotaged . | . . . . Parts Stolen . | . . . . Parts Stripped . | . . . . Power Chain Reactions . | . . . . Alert | -11 -10 -10 -9 ------- Run | Yrd Mat Min Mat Peak Influence 229 | 10 229 75 228 Initial 75 | . 5 75 24 Average 103 | 3 148 75 98 Maximum Alert Level 1 | . 1 . 1 Low Security (%) 76 | 100 51 100 90 Level 1 23 | . 48 . 9 Level 2 . | . . . . Level 3 . | . . . . Level 4 . | . . . . Level 5 . | . . . . High Security . | . . . . Max Security . | . . . . Squads Dispatched 1 | . . . 1 Investigation . | . . . . Extermination . | . . . . Reinforcement 1 | . . . 1 Assault . | . . . . Garrison . | . . . . Intercept . | . . . . Searches Triggered . | . . . . Construction Impeded . | . . . . Haulers Reinforced . | . . . . Active Scanning Responses . | . . . . Cargo Convoy Interrupts . | . . . . Stealth | -11 -10 -10 -9 --------- Run | Yrd Mat Min Mat Distress Signals 4 | . 2 . 2 Communications Jammed . | . . . . Distress Signals . | . . . . Times Spotted 29 | . 14 . 15 Peak Tracking Total 7 | . 6 . 7 Tactical Retreats 2 | . . . 2 Traps | -11 -10 -10 -9 ------- Run | Yrd Mat Min Mat Traps Triggered 1 | . 1 . . Indirectly . | . . . . Trap Hack Attempts . | . . . . Triggered . | . . . . Disarmed . | . . . . Reprogrammed . | . . . . Reused . | . . . . Traps Extracted . | . . . . Installed . | . . . . Triggered . | . . . . Machines | -11 -10 -10 -9 ---------- Run | Yrd Mat Min Mat Machines Disabled . | . . . . Max in Single Turn . | . . . . Machines Repaired . | . . . . Machines Dismantled . | . . . . Machines Sabotaged . | . . . . Overloaded Fab Kills . | . . . . Hacking | -11 -10 -10 -9 --------- Run | Yrd Mat Min Mat Machines Accessed . | . . . . Terminals . | . . . . Fabricators . | . . . . Repair Stations . | . . . . Recycling Units . | . . . . Scanalyzers . | . . . . Garrison Access . | . . . . Total Hacks . | . . . . Successful . | . . . . Failed . | . . . . Catastrophic . | . . . . Database Lockouts . | . . . . Manual . | . . . . Terminals . | . . . . Fabricators . | . . . . Repair Stations . | . . . . Recycling Units . | . . . . Scanalyzers . | . . . . Garrison Access . | . . . . Terminal Hacks . | . . . . Fabricator Hacks . | . . . . Repair Station Hacks . | . . . . Recycling Unit Hacks . | . . . . Scanalyzer . | . . . . Garrison Access Hacks . | . . . . Unauthorized Hacks . | . . . . Terminals . | . . . . Fabricators . | . . . . Repair Stations . | . . . . Recycling Units . | . . . . Scanalyzers . | . . . . Garrison Access . | . . . . Data Cores Recovered . | . . . . Used . | . . . . Hacking Detections . | . . . . Full Trace Events . | . . . . Feedback Events . | . . . . Feedback Blocked . | . . . . Robot Schematics Acquired . | . . . . Robots Built . | . . . . Authchips . | . . . . Time . | . . . . Total Robot Build Rating . | . . . . Part Schematics Acquired . | . . . . Parts Built . | . . . . Authchips . | . . . . Time . | . . . . Total Part Build Rating . | . . . . Parts Repaired . | . . . . Time . | . . . . Parts Recycled . | . . . . Recycled Matter . | . . . . Retrieved Matter . | . . . . Retrieved Components . | . . . . Parts Scanalyzed . | . . . . Part Schematics Acquired . | . . . . Parts Damaged . | . . . . Bothacking | -11 -10 -10 -9 ------------ Run | Yrd Mat Min Mat Used RIF Installer . | . . . . Robots Hacked . | . . . . Non-combat . | . . . . Combat . | . . . . Robot Hacks Applied . | . . . . Relay Couplers Released . | . . . . Fabnet Peak Effective % . | . . . . Robots Rewired . | . . . . Allies Hacked . | . . . . Hacks Repelled . | . . . . Allies | -11 -10 -10 -9 -------- Run | Yrd Mat Min Mat Total Allies . | . . . . Largest Group . | . . . . Highest-Rated Group . | . . . . Highest-Rated Ally . | . . . . Total Orders . | . . . . Ally Attacks . | . . . . Total Damage . | . . . . Kills . | . . . . Allies Corrupted . | . . . . Allies Melted . | . . . . Intel | -11 -10 -10 -9 ------- Run | Yrd Mat Min Mat Robot Analysis Total . | . . . . Derelict Logs Recovered . | . . . . Drone Launches . | . . . . Drone Recoveries . | . . . . Exploration | -11 -10 -10 -9 ------------- Run | Yrd Mat Min Mat Turns Passed 788 | 107 329 80 272 Spaces Moved 313 | 54 144 34 81 Core 12 | 12 . . . Treads 218 | 40 144 34 . Legs 83 | 2 . . 81 Wheels . | . . . . Hover . | . . . . Flight . | . . . . Fastest Speed 50 | 50 160 240 190 Average Speed 181 | 134 179 240 190 Slowest Speed 260 | 160 240 240 260 Overloaded Moves . | . . . . Propulsion Burnouts . | . . . . Robots Hopped . | . . . . Cave-ins Triggered . | . . . . Exploration Rate (%) 13 | 4 27 11 10 Regions Visited 3 Branch Regions 1 Pre-discovered Areas . | . . . . Known Exits Taken . | . . . . Unknown Exits Taken 3 | 1 1 1 . Scrap Searched . | . . . . Spaces Dug . | . . . . Terrain Destroyed . | . . . . Melee . | . . . . Projectile . | . . . . AOE . | . . . . Terrain Rammed . | . . . . Walls Destroyed . | . . . . Machines Disabled . | . . . . Actions | -11 -10 -10 -9 --------- Run | Yrd Mat Min Mat Total 437 | 77 187 33 140 Wait 11 | . . . 11 Move 310 | 53 143 33 81 Hop . | . . . . Pick Up 24 | 9 10 . 5 Fast Attach 6 | 5 1 . . Attach 6 | 2 . . 4 Detach . | . . . . Swap 9 | . 6 . 3 Drop 15 | 1 8 . 6 Fire 56 | 7 19 . 30 Melee . | . . . . Ram . | . . . . Kick . | . . . . Crush . | . . . . Escape Stasis . | . . . . Rewire . | . . . . Trap . | . . . . Miscellaneous . | . . . . Route ------- -11/Scrapyard -10/Materials -10/Mines -9/Materials History --------- Turn | Location | Event 15 | -11/Scrapyard | Discovered new exit (range 15) 108 | -11/Scrapyard | Entered Materials 267 | -10/Materials | Destroyed 7 combat bots 273 | -10/Materials | Discovered new exit (range 7) 375 | -10/Materials | Build established: Mutant 437 | -10/Materials | Entered Mines 509 | -10/Mines | Discovered new exit (range 4) 517 | -10/Mines | Entered Materials 517 | -9/Materials | Evolved 2 slots: Propulsion x2 784 | -9/Materials | Core integrity fell below 50% 789 | -9/Materials | Self-destructed Last Messages --------------- payload. 00761_ L-31 Rogue unfolds itself. 00761_ G-34 Mercenary unfolds itself. 00764_ R-06 Scavenger collects Imp. Ion Engine. 00764_ R-06 Scavenger collects Med. Matter Pod. 00764_ Ion Engine destroyed. 00767_ R-06 Scavenger collects Lgt. Treads. 00768_ R-06 Scavenger collects Hvy. Assault Rifle. 00768_ Aluminum Leg destroyed. 00771_ R-06 Scavenger collects Hvy. Hammer. 00775_ L-31 Rogue suffers critical hit (Burn). 00776_ Aluminum Leg severed. 00778_ Lgt. EM Pulse Cannon severed. 00780_ K-01 Serf collects debris. 00781_ Aluminum Leg destroyed. 00782_ Particle Gun destroyed. 00783_ Critical hit (Burn: +37). 00786_ L-31 Rogue destroyed. 00786_ K-01 Serf collects debris. Map ----- +----------------------------------------------------+ | ?????????????????????????????????????????????????? | | ?????????????????????????????????????????????????? | | ?????????????????????????????????????????????????? | | ?????????????????????????????????????????????????? | | ?????????????????????????????????????????????????? | | ?????????????????????????????????????????????????? | | ?????????????????????????????????????????????????? | | ?????????????????????????????????????????????????? | | ?????????????????????????????????????????????????? | | ????????????????????????? ???????????????????????? | | ????????????????????????? ???????????????????????? | | ????????????????????????? ???????????????????????? | | ????????????????????????? ???????????????????????? | | ?????????????????????????%???????????????????????? | | ????????????????????????? #####??????????????????? | | ????????????????????????? ???????????????????? | | ????????????????????????# ???????????????????? | | ????????????????????????# k ????????????????????? | | ???????????????????????## ????????????????????? | | ???????????????????????# * ?????????????????????? | | ???????????????????????#g%=%?????????????????????? | | ???????????????????????#][%#?????????????????????? | | ???????????????????????#=]!#?????????????????????? | | ???????????????????????#%!Y#?????????????????????? | | ???????????????????????#g[Y#?????????????????????? | | ???????????????????????#!@[#?????????????????????? | | ???????????????????????#/g=#?????????????????????? | | ???????????????????????#!%=#?????????????????????? | | ???????????????????????#*=]#?????????????????????? | | ??????????? #####a= #####?????????????????? | | ??????????? *%= % #?????????????????? | | ??????????? ########### #?????????????????? | | ?????????????????????????????# #?????????????????? | | ?????????????????????????????# #?????????????????? | | ?????????????????????????????# #?????????????????? | | ?????????????????????????#####+##????????????????? | | ?????????????????????????# #????????????????? | | ?????????????????????????# #????????????????? | | ?????????????????????????# """ #????????????????? | | ?????????????????????????# """ #????????????????? | | ?????????????????????????# """ #????????????????? | | ?????????????????????????# #????????????????? | | ?????????????????????????###+####????????????????? | | ?????????????????????????# #######+####+### !! | | ?????????????? ### #### !! | | ????????????? % #??? | | ????????????? ### #??? | | ?????????????? ?????# #######/###### #??? | | ??????????????##?????????### ###???# #??????? | | ???????????????????????????# #?????# #??????? | +----------------------------------------------------+ Best States ------------- Heat Dissipation 28 Energy Generation 10 Energy Capacity 250 Matter Stores 300 Matter Capacity 300 Sight Range 16 Terrain Scan Density 10 Resistance: KI 20 Resistance: TH 20 Resistance: EX 20 Resistance: EM 20 Resistance: I 20 Resistance: S 20 Resistance: P 20 Evasion (%) 50 Recoil Reduction 2 Offensive Hacking 10 Item Schematics ----------------- None Robot Schematics ------------------ None Fabricated ------------ Nothing Alien Tech Used ----------------- None Achievements -------------- None Challenges ------------ None Game ------ Seed ExoskeletonStoragePurifier Manual? 0 Play Time 00:07:32 Cumulative 33.4 hours Start 2025.03.13 @ 16:42:38 End 2025.03.13 @ 16:52:45 Sessions 1 Manual Loads 0 Difficulty Adventurer Special Mode None Game No. 63 Rogue 7 Adventurer 56 Explorer 0 Win Type - Total 0 Types 0/0/0/0/0/0/0/0/0 Lore% 7 Gallery% 28 Achievement% 24 Wizard Run 0 Options --------- Layout 2 ASCII 0 Keyboard 0 Movement Mouse Keybinds 0 Fullscreen 1 Font 24/Smallcaps Map View 50x44 Zoom Use 0% Tactical HUD 1 Map Filters NONE Filters NONE Steam 1 RUN: a775f39d-1ee6-48ec-b298-e971d98453c7